 Adventure DCSS version bcrawl-1.23.1-30-gcf7fa35852 (webtiles) character file.

Game seed: 233048117214518344

7 diana the Chopper (level 1, 16/16 HPs)
             Began as a Demonspawn Gladiator on May 30, 2020.
             Quit the game on level 1 of the Dungeon.
             The game lasted 00:00:58 (465 turns).

diana the Chopper (Demonspawn Gladiator)             Turns: 465, Time: 00:00:58

Health: 16/16      AC:  4    Str: 14    XL:     1   Next: 83%
Magic:  1/1        EV: 13    Int:  9    God:
Gold:   64         SH:  0    Dex: 14    Spells: 0/0 levels left
                                        Lives:  1   Deaths: 1

rFire    . . .     SeeInvis .   a - +0 war axe
rCold    . . .     Gourm    .   (no shield)
rNeg     . . .     Faith    .   b - +0 leather armour
rPois    .         Spirit   .   c - +0 helmet
rElec    .         Reflect  .   (no cloak)
rCorr    .         Harm     .   (no gloves)
MR       .....                  (no boots)
Stlth    +.........             (no amulet)
HPRegen  0.05/turn              (no ring)
MPRegen  0.07/turn              (no ring)

@: no status effects
A: claws 1
a: no special abilities


You were on level 1 of the Dungeon.
You were not hungry.

You visited 1 branch of the dungeon, and saw 1 of its levels.

You collected 64 gold pieces.

Inventory:

Hand Weapons
 a - a +0 war axe (weapon)
Missiles
 d - 3 throwing nets (quivered) {!f}
 h - 154 exploding tomahawks
Armour
 b - a +0 leather armour (worn)
 c - a +0 helmet (worn)
Scrolls
 f - 2 scrolls of teleportation {unknown}
 g - a scroll of fear {unknown}
 k - a scroll of blinking {unknown}
Potions
 i - a potion of heal wounds {unknown}
 j - a potion of degeneration {unknown}
Comestibles
 e - a ration {!d}


   Skills:
 - Level 2.0 Fighting
 + Level 3.3 Axes
 - Level 1.7 Throwing
 + Level 1.0 Armour
 + Level 2.9 Dodging


You couldn't memorise any spells.
You didn't know any spells.
Your spell library was empty.

Dungeon Overview and Level Annotations

Branches:
Dungeon (1/12)

Altars:


Innate Abilities, Weirdness & Mutations

You have sharp fingernails.


Message History

You completely miss the jackal.
The jackal is heavily wounded.
You hit the dart slug. The jackal bites you.
* * * LOW HITPOINT WARNING * * *
The dart slug launches a dart at you. The slug dart hits you.
* * * LOW HITPOINT WARNING * * *
The jackal bites you.
You die...
Xom reaches out...
You are now level 1!
You rejoin the land of the living...
The jackal is too close now for your liking.
Are you sure you want to abandon this character and quit the game? (Confirm with "yes".)
Okay, then.
Unknown command.
No path to travel!
Are you sure you want to abandon this character and quit the game? (Confirm with "yes".)
Okay, then.
Are you sure you want to abandon this character and quit the game? (Confirm with "yes".)

##########..........#.....#
..#.....##..........#.....#
.........#................# .
....................÷.....# ..
.....................†#####...
...........÷..........####..#
....).)....................#
...>.............(......###..#
................@.......###
...........###..............#
........#.#......)......#####
.....####.#.##...÷......#####
...#..# #.. ###.÷............
#####.. ###.#................
# ## ......h........### #
.................... #
#......?..).........


You could see a jackal.

Vanquished Creatures
  An ooze (D:1)
  A worm (D:1)
  2 leopard geckos (D:1)
  A ball python (D:1)
  A goblin (D:1)
  5 jackals (D:1)
  A bat (D:1)
  A frilled lizard (D:1)
  2 kobolds (D:1)
15 creatures vanquished.

Notes
Turn   | Place    | Note
-------+----------+-------------------------------------------
     0 | D:1      | diana the Demonspawn Gladiator began the quest for the Orb.
     0 | D:1      | Reached XP level 1. HP: 16/16 MP: 1/1
    27 | D:1      | Reached skill level 3 in Axes
   165 | D:1      | Gained mutation: You have sharp fingernails. [demonic
                  | ancestry]
   165 | D:1      | Reached XP level 2. HP: 22/22 MP: 2/2
   450 | D:1      | Reached skill level 1 in Armour
   458 | D:1      | HP: 1/22 [dart slug/slug dart (2)]
   458 | D:1      | Slain by a jackal
   459 | D:1      | Reached XP level 1. HP: -1/16 MP: 1/1
   465 | D:1      | Quit the game

Skill      XL: |  1  2 |
---------------+-------+-----
Axes           | 3 |  3.3
Armour         | 1 |  1.0
Fighting       | |  2.0
Throwing       | |  1.7
Dodging        | |  2.9

Action                   || total
-------------------------++-------
Melee: War axe           ||    54
 Stab: Sleeping          ||     1
Armor: Leather armour    ||    19
Dodge: Dodged            ||    49
